 Dungeon Crawl Stone Soup version 0.25-b1-23-ge2ad7d536c (webtiles) character file.

Game seed: 6184696341872181673, levelgen mode: deterministic

14 Masnef the Sneak (level 2, -2/13 HPs)
             Began as a Spriggan Enchanter on May 31, 2020.
             Slain by a worm (6 damage)
             ... on level 3 of the Dungeon.
             The game lasted 00:01:16 (1441 turns).

Masnef the Sneak (Spriggan Enchanter)               Turns: 1441, Time: 00:01:16

Health: -2/13      AC:  2    Str:  4    XL:     2   Next: 31%
Magic:  6/6        EV: 18    Int: 16    God:
Gold:   66         SH:  0    Dex: 16    Spells: 3/6 levels left

rFire    . . .     SeeInvis +   a - +1 dagger
rCold    . . .     Gourm    .   (shield restricted)
rNeg     . . .     Faith    .   b - +0 robe
rPois    .         Spirit   .   (helmet restricted)
rElec    .         Reflect  .   (no cloak)
rCorr    .         Harm     .   (gloves unavailable)
MR       .....                  (boots unavailable)
Stlth    +++.......             (no amulet)
HPRegen  0.04/turn              (no ring)
MPRegen  0.10/turn              (no ring)

@: very quick
A: very small, unfitting armour, see invisible, herbivore, speed 3, slow
metabolism 2
a: no special abilities


You were on level 3 of the Dungeon.
You were not hungry.

You visited 1 branch of the dungeon, and saw 5 of its levels.

You collected 66 gold pieces.

Inventory:

Hand Weapons
 a - a +1 dagger (weapon)
Armour
 b - a +0 robe (worn)
Scrolls
 f - 2 scrolls of amnesia {unknown}
Potions
 c - a potion of degeneration {unknown}
 e - a potion of curing {unknown}
 g - a potion of ambrosia {unknown}
 h - a potion of flight {unknown}
Comestibles
 d - 3 rations


   Skills:
 - Level 1.2 Short Blades
 - Level 3.0 Dodging
 + Level 5.4 Stealth
 - Level 2.6 Spellcasting
 - Level 3.8 Hexes


You had 3 spell levels left.
You knew the following spells:

 Your Spells              Type           Power        Failure   Level  Hunger
a - Corona                Hex            ##.....      4%          1    #......
b - Ensorcelled Hibernat  Hex/Ice        #.....       13%         2    ##.....

Your spell library contained the following spells:

 Spells                   Type           Power        Failure   Level  Hunger
 Confusing Touch          Hex            ##......     12%         3    ###....
 Tukima's Dance           Hex            ##......     12%         3    ###....
 Dazzling Flash           Conj/Hex       #.....       26%         3    ###....


Dungeon Overview and Level Annotations

Branches:
Dungeon (5/15)
 Temple: D:4-7

Altars:

Annotations:
D:4 Edmund


Innate Abilities, Weirdness & Mutations

You are very small and have problems with some larger weapons.
You are too small for most types of armour.
You have supernaturally acute eyesight. (SInv)
You are a herbivore.
You cover ground extremely quickly.
You need to consume almost no food.


Message History

You now have 66 gold pieces (gained 15).
You open the door.
There is an open door here.
A worm comes into view.
The worm barely misses you.
You barely miss the worm. You hit the worm but do no damage.
The worm bites you.
You hit the worm but do no damage. You hit the worm.
The worm is lightly wounded.
The worm bites you.
You are too injured to fight recklessly!
You are too injured to fight recklessly!
You are too injured to fight recklessly!
You hit the worm.
The worm is moderately wounded.
You hit the worm.
The worm is moderately wounded.
The worm bites you.
You die...

#.....# ...
.......#...###.....#....
.......#...#.......#....
.......#...#.......####
.......#...#.......#
.......#...###.....###
.......#...###........
...............##.....
#w@.......# .....
#.........# ....
#....$....# ....
#.........# .#.
#.........# #.........#
###########


You could see a worm.

Vanquished Creatures
  A worm (D:2)
  2 bats (D:1)
  A giant cockroach (D:2)
  A hobgoblin (D:2)
  2 frilled lizards (D:1)
  2 goblins
  3 kobolds
12 creatures vanquished.

Notes
Turn   | Place    | Note
-------+----------+-------------------------------------------
     0 | D:1      | Masnef the Spriggan Enchanter began the quest for the Orb.
     0 | D:1      | Reached XP level 1. HP: 9/9 MP: 5/5
   961 | D:2      | Reached skill level 5 in Stealth
  1076 | D:2      | Reached XP level 2. HP: 13/13 MP: 6/6
  1083 | D:2      | Learned a level 2 spell: Ensorcelled Hibernation
  1208 | D:2      | You fall into a shaft and drop 2 floors!
  1217 | D:5      | Entered Level 5 of the Dungeon
  1225 | D:4      | Noticed Edmund
  1441 | D:3      | Slain by a worm

Illustrated notes

Levels and vault maps discovered:
D:1:      dpeg_arrival_boxorama, layout_loops_ring
D:2:      layout_basic, uniq_sigmund
D:3:      layout_basic
D:4:      layout_gridville, nicolae_overflow_crystal_walls,
          nicolae_gozag_seed_capital, kennysheep_generic_room_9, uniq_edmund
D:5:      layout_basic, first_ration, kennysheep_generic_room_4, uniq_duvessa

Skill      XL: |  1 |
---------------+----+-----
Stealth        | 5 |  5.4
Short Blades   | |  1.2
Dodging        | |  3.0
Spellcasting   | |  2.6
Hexes          | |  3.8

Action                   || total
-------------------------++-------
Melee: Dagger            ||    76
 Cast: Corona            ||     1
 Stab: Sleeping          ||     5
Armor: Robe              ||    13
Dodge: Dodged            ||    56
